 Dungeon Crawl Stone Soup version 0.28-a0-850-g09de17f5b5 (webtiles) character file.

Game seed: 1322980794816186781

213 croobank the Covert (level 5, 0/24 HPs)
             Began as a Felid Delver on Nov 13, 2021.
             Slain by a scorpion (8 damage)
             ... on level 5 of the Dungeon.
             The game lasted 00:26:03 (3671 turns).

croobank the Covert (Felid Delver)                  Turns: 3671, Time: 00:26:03

Health: 0/24       AC:  1    Str:  9    XL:     5   Next: 59%
Magic:  9/9        EV: 20    Int: 11    God:
Gold:   210        SH:  0    Dex: 30    Spells: 7/8 levels left
                                        Lives:  0   Deaths: 1

rFire   . . .      SeeInvis +     - Unarmed
rCold   . . .      Faith    .   (shield unavailable)
rNeg    . . .      Spirit   .   (armour unavailable)
rPois   .          Reflect  .   (helmet unavailable)
rElec   .          Harm     .   (cloak unavailable)
rCorr   .          Rampage  .   (gloves unavailable)
Will    .....                   (boots unavailable)
Stlth   +++++.....              (no amulet)
HPRegen 0.08/turn               h - +6 ring of dexterity
MPRegen 0.11/turn               m - +6 ring of dexterity

@: lethally poisoned (0 -> -6), quick
A: very small, claws 1, fangs 3, see invisible, speed 1, shaggy fur 1, stealthy
paws, no weapons or thrown items, no armour, multi-lived
a: no special abilities


You were on level 5 of the Dungeon.
You visited 1 branch of the dungeon, and saw 6 of its levels.

You collected 210 gold pieces.

Inventory:

Missiles
 d - 133 stones
Jewellery
 h - a +6 ring of dexterity (left paw)
 m - a +6 ring of dexterity (right paw)
Wands
 e - a wand of digging (3)
Scrolls
 a - a scroll of fog
 b - a scroll of magic mapping
 l - a scroll of enchant weapon
Potions
 c - 2 potions of curing
 f - a potion of attraction {unknown}
 g - a potion of brilliance {unknown}
 i - a potion of berserk rage {unknown}
 k - a potion of resistance {unknown}
 n - 2 potions of ambrosia


   Skills:
 + Level 3.1 Fighting
 + Level 3.6 Dodging
 + Level 8.2 Stealth
 + Level 3.9 Unarmed Combat
 + Level 2.2 Spellcasting
 + Level 1.7 Earth Magic


You had 7 spell levels left.
You knew the following spells:

 Your Spells              Type           Power      Damage    Failure   Level
a - Sandblast             Erth           10%        2d5       14%         1

Your spell library contained the following spells:

 Spells                   Type           Power      Damage    Failure   Level
 Passwall                 Tmut/Erth      2%         N/A       30%         2
 Stone Arrow              Conj/Erth      6%         3d7       52%         3


Dungeon Overview and Level Annotations

Branches:
Dungeon (6/15)
 Temple: D:4-7

Altars:

Annotations:
D:3 1 runed translucent door, Paroid's ghost, amateur NaAK
D:4 Menkaure
D:6 1 transporter


Innate Abilities, Weirdness & Mutations

You have sharp claws.
You have razor-sharp teeth.
You have supernaturally acute eyesight. (SInv)
You cover ground quickly. (Speed+)
You are covered in fur. (AC +1)
Your paws help you pounce on unaware monsters.
You are incapable of wielding weapons or throwing items.
You cannot wear armour.
You gain extra lives every three experience levels.


Message History

Aiming: Sandblast (safe; 14% risk of failure)
Press: ? - help, Q - select action Shift-Dir - straight line, f - Menkaure
Aim: Menkaure (89% to hit)
The blast of sand hits Menkaure.
Menkaure is lightly damaged.
A scorpion comes into view.
Menkaure calls on the powers of darkness!
Your body is wracked with pain!
The ogre convulses!
You feel better.
Menkaure casts a spell.
Menkaure seems to speed up.
You scratch Menkaure. You claw Menkaure.
Menkaure is moderately damaged.
Menkaure hits you.
Found an escape hatch in the floor.
Menkaure calls on the powers of darkness!
Your body is wracked with pain!
The ogre convulses!
The scorpion convulses!
Found an encrusted sapphire ring.
Found a stone staircase leading up.
Menkaure calls on the powers of darkness!
The scorpion convulses!
The ogre convulses!
Your body is wracked with pain!
* * * LOW HITPOINT WARNING * * *
You feel better. The scorpion closely misses you.
Menkaure gestures ominously.
Found a stone staircase leading down.
A jackal comes into view.
A jackal comes into view.
Found 9 gold pieces.
Found an escape hatch in the ceiling.
There is an escape hatch in the floor here.
You can't go up here!
The scorpion stings you.
You are poisoned.
The scorpion poisons you! The scorpion misses you.
You slide downwards.
The hatch slams shut behind you.
You feel very sick.
Found 12 gold pieces and 6 large rocks.
Found a stone staircase leading down.
You pounce on the unaware helpless orc!
You eviscerate the orc!!!
You kill the orc!
You feel sick. The scorpion stings you!
You die...

#....# #....#
#....# #.(..#
#....# #....#
#..s.#####
#)@.......
#.........
.....>.....
#.#####......
# ......
...... .....
#####


You could see a scorpion.

Vanquished Creatures
  Pargi (D:3)
  A bullfrog (D:6)
  A centaur skeleton (D:6)
  An iguana (D:6)
  Robin (D:2)
  2 adders
  An ufetubus (D:6)
  2 dart slugs
  An orc (D:5)
  10 ball pythons
  8 endoplasms
  4 giant cockroaches
  15 goblins
  10 hobgoblins
  A jackal (D:2)
  4 quokkas
  5 bats
  4 frilled lizards
  4 kobolds
  11 rats
87 creatures vanquished.

Notes
Turn   | Place    | Note
-------+----------+-------------------------------------------
     0 | D:5      | croobank the Felid Delver began the quest for the Orb.
     0 | D:5      | Reached XP level 1. HP: 10/10 MP: 2/2
   613 | D:1      | Reached XP level 2. HP: 14/14 MP: 3/3
   835 | D:1      | Reached skill level 7 in Stealth
  1137 | D:1      | Reached XP level 3. HP: 14/17 MP: 4/4
  1529 | D:2      | Noticed Robin
  1543 | D:2      | Learned a level 1 spell: Sandblast
  2190 | D:2      | Reached XP level 4. HP: 19/21 MP: 3/5
  2398 | D:2      | Killed Robin
  2867 | D:2      | Found a faded altar of an unknown god.
  3227 | D:3      | Noticed Pargi
  3232 | D:3      | Killed Pargi
  3233 | D:3      | Reached skill level 1 in Spellcasting
  3233 | D:3      | Reached skill level 1 in Earth Magic
  3233 | D:3      | Reached XP level 5. HP: 24/24 MP: 6/8
  3397 | D:3      | Found a runed translucent door.
  3408 | D:3      | Noticed Paroid's ghost (amateur NaAK)
  3481 | D:3      | You fall into a shaft and drop 3 floors!
  3504 | D:6      | Noticed a centaur
  3531 | D:6      | Shot with an arrow by a centaur
  3532 | D:6      | Reached XP level 4. HP: -6/21 MP: 8/8
  3543 | D:6      | Noticed a sky beast
  3552 | D:6      | Noticed an ogre
  3589 | D:6      | Noticed a white ugly thing
  3590 | D:6      | Found a transporter.
  3590 | D:6      | Noticed an orc warrior
  3619 | D:6      | Noticed a bullfrog
  3624 | D:6      | Killed a bullfrog
  3625 | D:6      | Reached skill level 8 in Stealth
  3625 | D:6      | Reached XP level 5. HP: 24/24 MP: 9/9
  3654 | D:4      | Noticed Menkaure
  3655 | D:4      | Noticed an ogre
  3671 | D:5      | Slain by a scorpion

Illustrated notes

Levels and vault maps discovered:
D:1:      minmay_arrival_cross, layout_basic
D:2:      minmay_razor_zed, layout_basic, shapermc_ecumenical_altar_flowoftime,
          uniq_robin
D:3:      layout_rooms, ebering_ghost_sewer_d, uniq_pargi
D:4:      kennysheep_big_flooded_room, layout_cave_pools,
          makhleb_blood_cavern_becter, nicolae_ossuary_entry_false_entrances,
          uniq_natasha, uniq_menkaure
D:5:      layout_basic, minmay_temple_entry_waves, grunt_ministairs_1,
          eino_tiny_chamber, uniq_pikel
D:6:      layout_loops_corners, jmf_multi_god_temple,
          mainiacjoe_overflow_brackets, gammafunk_ghost_abyssal_escape,
          minmay_misc_feat_encased, grunt_ministairs_15

Skill      XL: |  1  2  3  4  5 |
---------------+----------------+-----
Dodging        | 3 |  3.6
Stealth        | 7 8 |  8.2
Unarmed Combat | 3 |  3.9
Spellcasting   | 1 2 |  2.2
Earth Magic    | 1 |  1.7
Fighting       | |  3.1

Action                   |  1- 3 |  4- 6 || total
-------------------------+-------+-------++-------
Melee: Unarmed           |   143 |    53 ||   196
       Bite              |    18 |     4 ||    22
       Punch             |     1 |     2 ||     3
 Cast: Sandblast         |     4 |    22 ||    26
  Use: Scroll            |     2 |     5 ||     7
       Potion            |     2 |     2 ||     4
 Stab: Sleeping          |    20 |    10 ||    30
Armor: Skin              |     4 |     2 ||     6
Dodge: Dodged            |    76 |    40 ||   116

Table legend: (Time is in decaauts)
 A = Elapsed time spent in this place.
 B = Non-inter-level travel time spent in this place.
 C = Inter-level travel time spent in this place.
 D = Time resting spent in this place.
 E = Time spent auto-exploring this place.
 F = Levels seen in this place.
 G = Mean time per level.
                   A        B        C        D        E       F      G
               +--------+--------+--------+--------+--------+-----+--------+
         Total |   3233 |   3171 |     62 |   1008 |   1323 |   6 |  538.8 |
       Dungeon |   3233 |   3171 |     62 |   1008 |   1323 |   6 |  538.8 |
               +--------+--------+--------+--------+--------+-----+--------+

Top non-repeatable levels by time:
     D:2: 1408 daAuts
     D:1: 1104 daAuts
     D:3: 493 daAuts
     D:6: 127 daAuts
     D:4: 74 daAuts
     D:5: 25 daAuts
